 Dungeon Crawl Stone Soup version 0.17.1-3-g152610e (webtiles) character file.

377 kaze the Conjurer (level 6, 0/38 HPs)
             Began as an Octopode Conjurer on Mar 18, 2016.
             Slain by an ice beast (3 damage)
             ... on level 5 of the Dungeon.
             The game lasted 00:12:14 (5922 turns).

kaze the Conjurer (Octopode Conjurer)               Turns: 5922, Time: 00:12:14

Health: 0/38       AC:  1    Str:  8      XL:     6   Next: 73%
Magic:  3/10       EV: 13    Int: 18 (19) God:
Gold:   149        SH:  0    Dex: 12      Spells: 3 memorised, 5 levels left

rFire  . . .     SeeInvis .       - Unarmed
rCold  . . .     Clarity  .     (no shield)
rNeg   . . .     SustAt   .     (helmet restricted)
rPois  .         Gourm    .     (no amulet)
rElec  .         Spirit   .     (no ring)
rCorr  .         Warding  .     (no ring)
rMut   .         Stasis   .     (no ring)
MR     .....                    (no ring)
Stlth  ++++......               (no ring)
                                (no ring)
                                (no ring)
                                (no ring)

@: not resistant to hostile enchantments, stealthy
A: almost no armour, amphibious, 8 rings, constrict 8, camouflage 1, gelatinous
body 1
a: no special abilities


You were on level 5 of the Dungeon.
You were very hungry.

You visited 1 branch of the dungeon, and saw 5 of its levels.

You collected 149 gold pieces.

Inventory:

Armour
 g - a +0 large shield
Scrolls
 c - a scroll of enchant weapon {unknown}
 d - 2 scrolls of teleportation {unknown}
 e - a scroll of fear {unknown}
 f - a scroll of blinking {unknown}
 i - a scroll of enchant armour {unknown}
 j - 2 scrolls of recharging {unknown}
Potions
 k - 2 potions of agility
 l - a potion of might
Books
 a - a book of Conjurations

   Spells                             Type                      Level
   a - Magic Dart                     Conjuration                  1
   b - Searing Ray                    Conjuration                  2
   c - Dazzling Spray                 Conjuration/Hexes            3
   d - Fulminant Prism                Conjuration/Hexes            4
   e - Iskenderun's Mystic Blast      Conjuration                  4
   f - Iskenderun's Battlesphere      Conjuration/Charms           5
Comestibles
 b - a bread ration
 h - 2 meat rations


   Skills:
 + Level 1.4 Fighting
 + Level 3.3 Dodging
 + Level 4.8 Stealth
 + Level 1.4 Unarmed Combat
 + Level 3.2 Spellcasting
 + Level 5.5 Conjurations


You had 5 spell levels left.
You knew the following spells:

 Your Spells              Type           Power        Failure   Level  Hunger
a - Magic Dart            Conj           ###.         1%          1    None
b - Searing Ray           Conj           ###...       2%          2    ##.....
c - Dazzling Spray        Conj/Hex       ##......     17%         3    ###....


Dungeon Overview and Level Annotations

Branches:
Dungeon (5/15)
 Temple: D:4-7

Altars:
Ashenzari
Cheibriados
Kikubaaqudgha
Vehumet
Xom
The Shining One


Innate Abilities, Weirdness & Mutations

You cannot wear most types of armour.
You are amphibious.
You can wear up to eight rings at the same time.
You can use your tentacles to constrict eight enemies at once.
Your skin changes colour to match your surroundings (Stealth).
Your rubbery body absorbs attacks (AC +1).


Message History

You are too injured to fight recklessly!
You are too injured to fight recklessly!
You are too injured to fight recklessly!
You are too injured to fight recklessly!
You are too injured to fight recklessly!
You are too injured to fight recklessly!
You are too injured to fight recklessly!
You are too injured to fight recklessly!
You are too injured to fight recklessly!
You are too injured to fight recklessly!
You are too injured to fight recklessly!
You are too injured to fight recklessly!
Unknown command.
You closely miss the ice beast.
The ice beast is heavily wounded.
The ice beast barely misses you.
You tentacle-slap the ice beast.
The ice beast is heavily wounded.
The ice beast hits you.
You die...

#...# ..
#...# #..
#...####...
#..........
#...(......
#..........
#.......#
#..@Y..#
#..##.>#
#..# .#
#<.## .#
#...# #
#...# ##.##
###


You could see an ice beast.

Vanquished Creatures
  An ogre (D:4)
  A scorpion (D:4)
  A hound (D:3)
  A centaur skeleton (D:4)
  3 gnolls (D:4)
  8 adders
  An ooze (D:3)
  3 worms
  5 giant geckos
  3 orcs
  15 bats
  5 giant cockroaches
  11 goblins
  5 hobgoblins
  2 quokkas
  3 ball pythons
  7 giant newts
  6 kobolds
  5 rats
86 creatures vanquished.

Notes
Turn   | Place    | Note
--------------------------------------------------------------
     0 | D:1      | kaze the Octopode Conjurer began the quest for the Orb.
     0 | D:1      | Reached XP level 1. HP: 11/11 MP: 3/3
   213 | D:1      | Found a shimmering altar of Xom.
   275 | D:1      | Reached XP level 2. HP: 15/17 MP: 5/5
  1046 | D:1      | Reached XP level 3. HP: 21/21 MP: 4/6
  1509 | D:2      | Found a glowing golden altar of the Shining One.
  1832 | D:2      | Found a radiant altar of Vehumet.
  1865 | D:2      | Found an ancient bone altar of Kikubaaqudgha.
  1889 | D:2      | Found a snail-covered altar of Cheibriados.
  1915 | D:2      | Found a shattered altar of Ashenzari.
  1972 | D:2      | Learned a level 2 spell: Searing Ray
  1976 | D:2      | Learned a level 3 spell: Dazzling Spray
  2531 | D:3      | Reached XP level 4. HP: 27/27 MP: 1/7
  3810 | D:3      | Reached skill level 5 in Conjurations
  3846 | D:3      | Reached skill level 1 in Fighting
  3846 | D:3      | Reached XP level 5. HP: 22/33 MP: 1/8
  4550 | D:4      | Reached skill level 1 in Unarmed Combat
  4857 | D:4      | Noticed an ogre
  4865 | D:4      | Killed an ogre
  4865 | D:4      | Reached XP level 6. HP: 38/38 MP: 1/10
  5903 | D:5      | Entered Level 5 of the Dungeon
  5922 | D:5      | Slain by an ice beast

Action                   |  1- 3 |  4- 6 || total
-------------------------+-------+-------++-------
Melee: Unarmed           |    37 |    73 ||   110
 Cast: Magic Dart        |    74 |    63 ||   137
       Searing Ray       |       |    15 ||    15
       Dazzling Spray    |       |     3 ||     3
  Use: Potion            |     5 |       ||     5
 Stab: Sleeping          |       |     6 ||     6
       Invisible         |       |     1 ||     1
  Eat: Meat ration       |     1 |     1 ||     2
       Bread ration      |     1 |       ||     1
       Royal jelly       |       |     1 ||     1
